 Dungeon Crawl Stone Soup version 0.22-a0-117-g314b907 (webtiles) character file.

124 kuniqs the Caller (level 5, -2/33 HPs)
             Began as a Gnoll Summoner on Jan 29, 2018.
             Was an Initiate of Hepliaklqana.
             Killed from afar by ThereIsNoGod's ghost (3 damage)
             ... with a magic dart
             ... on level 3 of the Dungeon.
             The game lasted 00:04:49 (2115 turns).

kuniqs the Caller (Gnoll Summoner)                  Turns: 2115, Time: 00:04:51

Health: -2/33      AC: 11    Str: 10    XL:     5   Next: 8%
Magic:  3/12       EV: 15    Int: 19    God:    Hepliaklqana [......]
Gold:   119        SH:  0    Dex: 15    Spells: 8/14 levels left

rFire    . . .     SeeInvis +   e - +5 dagger (protect)
rCold    . . .     Gourm    .   (no shield)
rNeg     . . .     Faith    .   a - +0 robe
rPois    +         Spirit   .   p - +0 helmet
rElec    .         Reflect  .   (no cloak)
rCorr    .         Harm     .   (no gloves)
MR       .....                  d - +0 pair of boots
Stlth    +++.......             (no amulet)
HPRegen  0.11/turn              l - ring of poison resistance
MPRegen  0.13/turn              m - ring of see invisible

@: protection aura
A: distributed training, reduced essence, fangs 1, strong nose
a: Recall Ancestor, Ancestor Identity, Renounce Religion


You were on level 3 of the Dungeon.
You worshipped Hepliaklqana.
Hepliaklqana was noncommittal.
You were not hungry.

You visited 1 branch of the dungeon, and saw 4 of its levels.

You collected 119 gold pieces.

Inventory:

Hand Weapons
 e - a +5 dagger of protection (weapon)
Armour
 a - a +0 robe (worn)
 d - a +0 pair of boots (worn)
 p - a +0 helmet (worn)
Jewellery
 l - a ring of poison resistance (left hand)
 m - a ring of see invisible (right hand)
Scrolls
 g - a scroll of enchant weapon {unknown}
 h - a scroll of identify {unknown}
 i - 3 scrolls of remove curse {unknown}
 j - 2 scrolls of teleportation {unknown}
 n - a scroll of fear {unknown}
 q - a scroll of immolation {unknown}
Potions
 f - a potion of curing {@q1}
 o - a potion of brilliance {unknown}
Books
 b - a book of Callings

   Spells                             Type                      Level
   a - Summon Small Mammal            Summoning                    1
   b - Call Imp                       Summoning                    2
   c - Call Canine Familiar           Summoning                    3
   d - Summon Guardian Golem          Hexes/Summoning              3
   e - Summon Lightning Spire         Summoning/Air                4
   f - Summon Ice Beast               Ice/Summoning                4
Comestibles
 c - 4 rations


   Skills:
 + Level 1.3 Fighting
 + Level 1.3 Short Blades
 + Level 1.3 Long Blades
 + Level 1.3 Axes
 + Level 1.3 Maces & Flails
 + Level 1.3 Polearms
 + Level 1.3 Staves
 + Level 1.3 Slings
 + Level 1.3 Bows
 + Level 1.3 Crossbows
 + Level 1.3 Throwing
 + Level 1.3 Armour
 + Level 4.7 Dodging
 + Level 4.3 Stealth
 + Level 1.3 Shields
 + Level 1.3 Unarmed Combat
 + Level 5.1 Spellcasting
 + Level 1.0 Conjurations
 + Level 1.0 Hexes
 + Level 1.0 Charms
 + Level 7.1 Summonings
 + Level 1.0 Necromancy
 + Level 1.0 Translocations
 + Level 1.0 Transmutations
 + Level 1.0 Fire Magic
 + Level 1.0 Ice Magic
 + Level 1.0 Air Magic
 + Level 1.0 Earth Magic
 + Level 1.0 Poison Magic
 + Level 1.4 Invocations
 + Level 1.3 Evocations


You had 8 spell levels left.
You knew the following spells:

 Your Spells              Type           Power        Failure   Level  Hunger
a - Summon Small Mammal   Summ           ####         1%          1    None
b - Call Imp              Summ           ####....     1%          2    #......
c - Call Canine Familiar  Summ           ####....     1%          3    ##.....


Dungeon Overview and Level Annotations

Branches:
Dungeon (4/15)
 Temple: D:4-7

Altars:
Gozag
Hepliaklqana
Okawaru

Annotations:
D:3 1 runed door, 1 exclusion, ThereIsNoGod's ghost, amateur DsWz


Innate Abilities, Weirdness & Mutations

Your experience applies equally to all skills.
You have very sharp teeth.
Your uncanny sense of smell can sniff out nearby items.
Your life essence is reduced to manifest your ancestor. (-10% HP)


Message History

ThereIsNoGod's ghost hits your hound.
Your hound bites ThereIsNoGod's ghost but does no damage.
Your crimson imp hits ThereIsNoGod's ghost.
Your hound bites ThereIsNoGod's ghost but does no damage.
ThereIsNoGod's ghost gestures at your hound while chanting.
The magic dart hits your hound.
Your hound dies!
Your hound's corpse disappears in a puff of smoke!
Your crimson imp hits ThereIsNoGod's ghost but does no damage.
ThereIsNoGod's ghost hits your crimson imp.
Your crimson imp blinks!
You hit ThereIsNoGod's ghost but do no damage.
Your weapon exudes an aura of protection.
ThereIsNoGod's ghost gestures at you while chanting.
The magic dart hits you!
* * * LOW HITPOINT WARNING * * *
You hit ThereIsNoGod's ghost.
ThereIsNoGod's ghost points at you and mumbles some strange words.
The magic dart hits you!
You die...

#.### ##.....## .##
#.#### ##...## ..# #....#
#+## .W# ####.# #.# w.#
#.# #.# ..###.#
#####.#####
##.#########W.....#
#.........###....†......#
#.###.###.##....W######.#
#.# #.# #.###.5@.# #.#
#.# #.###.####.#.#### #.#
#.# #....................
#.# #####.######.######.#
#.#######.# #.# #.#
#.........# #.. ..#
########### #### ###


You could see ThereIsNoGod's ghost and a friendly crimson imp.

Vanquished Creatures
  4 dart slugs
  3 leopard geckos (D:1)
  An orc (D:3)
  3 giant cockroaches
  12 goblins
  6 hobgoblins
  2 jackals (D:2)
  4 kobolds
  A quokka (D:2)
  9 bats
  5 frilled lizards
  6 rats
56 creatures vanquished.

Vanquished Creatures (collateral kills)
  Robin (D:3)
  A howler monkey skeleton (D:3)
  4 adders
  2 worms (D:3)
  2 bats (D:3)
  A giant cockroach (D:3)
  4 goblins (D:1)
  3 hobgoblins
  A kobold (D:3)
19 creatures vanquished.

Vanquished Creatures (others)
  An ancestor (D:3)
1 creature vanquished.

Grand Total: 76 creatures vanquished

Notes
Turn   | Place    | Note
-------+----------+-------------------------------------------
     0 | D:1      | kuniqs the Gnoll Summoner began the quest for the Orb.
     0 | D:1      | Reached XP level 1. HP: 13/13 MP: 6/6
   140 | D:1      | Reached XP level 2. HP: 13/19 MP: 7/7
   150 | D:1      | Learned a level 2 spell: Call Imp
   503 | D:2      | Reached XP level 3. HP: 25/25 MP: 9/9
   524 | D:2      | Reached skill level 5 in Spellcasting
   951 | D:2      | Reached skill level 1 in Invocations
  1173 | D:2      | Reached skill level 1 in Fighting
  1173 | D:2      | Reached skill level 1 in Short Blades
  1173 | D:2      | Reached skill level 1 in Long Blades
  1173 | D:2      | Reached skill level 1 in Axes
  1173 | D:2      | Reached skill level 1 in Maces & Flails
  1173 | D:2      | Reached skill level 1 in Polearms
  1173 | D:2      | Reached skill level 1 in Staves
  1173 | D:2      | Reached skill level 1 in Slings
  1173 | D:2      | Reached skill level 1 in Bows
  1173 | D:2      | Reached skill level 1 in Crossbows
  1173 | D:2      | Reached skill level 1 in Throwing
  1173 | D:2      | Reached skill level 1 in Armour
  1173 | D:2      | Reached skill level 1 in Shields
  1173 | D:2      | Reached skill level 1 in Unarmed Combat
  1173 | D:2      | Reached skill level 1 in Evocations
  1279 | D:3      | Learned a level 3 spell: Call Canine Familiar
  1289 | D:3      | Found a runed door.
  1325 | D:3      | Reached XP level 4. HP: 32/32 MP: 8/11
  1435 | D:3      | You fall through a shaft!
  1452 | D:4      | Found an iron altar of Okawaru.
  1460 | D:4      | Found an opulent altar of Gozag.
  1460 | D:4      | Found a hazy altar of Hepliaklqana.
  1471 | D:4      | Became a worshipper of Hepliaklqana the Forgotten
  1584 | D:3      | Noticed Robin
  1594 | D:3      | Killed Robin
  1594 | D:3      | Reached skill level 1 in Conjurations
  1594 | D:3      | Reached skill level 1 in Hexes
  1594 | D:3      | Reached skill level 1 in Charms
  1594 | D:3      | Reached skill level 1 in Necromancy
  1594 | D:3      | Reached skill level 1 in Translocations
  1594 | D:3      | Reached skill level 1 in Transmutations
  1594 | D:3      | Reached skill level 1 in Fire Magic
  1594 | D:3      | Reached skill level 1 in Ice Magic
  1594 | D:3      | Reached skill level 1 in Air Magic
  1594 | D:3      | Reached skill level 1 in Earth Magic
  1594 | D:3      | Reached skill level 1 in Poison Magic
  1739 | D:3      | Reached XP level 5. HP: 33/33 MP: 12/12
  2048 | D:3      | Noticed ThereIsNoGod's ghost (amateur DsWz)
  2114 | D:3      | HP: 1/33 [ThereIsNoGod's ghost/magic dart (8)]
  2115 | D:3      | Killed from afar by ThereIsNoGod's ghost

Vault maps used:
D:1:      mrwooster_arrival_statue_2
D:3:      first_ration, corexii_item_surrounded_by_moat, uniq_robin,
          uniq_crazy_yiuf_cottage
D:4:      gammafunk_temple_overflow_forgotten, uniq_grinder

Skill      XL: |  1  2  3  4 |
---------------+-------------+-----
Spellcasting   | 5 |  5.1
Invocations    | 1 |  1.4
Fighting       | 1 |  1.3
Short Blades   | 1 |  1.3
Long Blades    | 1 |  1.3
Axes           | 1 |  1.3
Maces & Flails | 1 |  1.3
Polearms       | 1 |  1.3
Staves         | 1 |  1.3
Slings         | 1 |  1.3
Bows           | 1 |  1.3
Crossbows      | 1 |  1.3
Throwing       | 1 |  1.3
Armour         | 1 |  1.3
Shields        | 1 |  1.3
Unarmed Combat | 1 |  1.3
Evocations     | 1 |  1.3
Conjurations   | 1 |  1.0
Hexes          | 1 |  1.0
Charms         | 1 |  1.0
Necromancy     | 1 |  1.0
Translocations | 1 |  1.0
Transmutations | 1 |  1.0
Fire Magic     | 1 |  1.0
Ice Magic      | 1 |  1.0
Air Magic      | 1 |  1.0
Earth Magic    | 1 |  1.0
Poison Magic   | 1 |  1.0
Dodging        | |  4.7
Stealth        | |  4.3
Summonings     | |  7.1

Action                   |  1- 3 |  4- 6 || total
-------------------------+-------+-------++-------
Melee: Dagger            |    60 |    53 ||   113
       Bite              |     4 |     4 ||     8
       Unarmed           |     2 |       ||     2
       Punch             |     1 |     1 ||     2
 Cast: Summon Small Mamm |     7 |       ||     7
       Call Imp          |     3 |     4 ||     7
       Call Canine Famil |     1 |     4 ||     5
Invok: Recall Ancestor   |       |     1 ||     1
  Use: Potion            |       |     1 ||     1
 Stab: Sleeping          |     8 |     7 ||    15
  Eat: Chunk             |     1 |     3 ||     4
Armor: Robe              |    18 |     8 ||    26
Dodge: Dodged            |    51 |    28 ||    79

Table legend:
 A = Spawn XP
 B = Non-spawn XP
 C = Spawn XP percentage of total XP
 D = Spawn monster count
 E = Non-spawn monster count
 F = Spawn count percentage of total count
 G = Total turns spent on level
                    A         B        C        D         E        F      G
               +---------+---------+-------+---------+---------+-------+---------
         Total |       0 |     178 |   0.0 |       0 |      75 |   0.0 |  2115
               +---------+---------+-------+---------+---------+-------+---------
           D:1 |       0 |      30 |   0.0 |       0 |      17 |   0.0 |   484
           D:2 |       0 |      49 |   0.0 |       0 |      20 |   0.0 |   787
           D:3 |       0 |      97 |   0.0 |       0 |      37 |   0.0 |   736
           D:4 |       0 |       2 |   0.0 |       0 |       1 |   0.0 |   108
               +---------+---------+-------+---------+---------+-------+---------
